Map: Coda LE (Void)

Players

Grim - Winner!

  • Race: Terran Terran

Shamanas

  • Race: Terran Terran

VOD

Have the link to the VOD?

Description

Time

  • Played on: May 1, 2015, 5:47 a.m.
  • Length: 9:11
Show
View Real Time Build Order
Export as new Build Order

Grim Terran - Winner!

Build Orders: 1/1/1, Cyclone Opening 

Get SALT Encoding   

  12  0:01  SCV  
  13  0:13  SCV  
  14  0:18  Supply Depot  
  14  0:25  SCV  
  15  0:30  Refinery  
  15  0:40  SCV  
  16  0:45  Barracks  
  16  0:54  SCV  
  17  1:03  Supply Depot  
  17  1:07  SCV  
  18  1:19  SCV  
  19  1:33  Orbital Command  
  19  1:34  Factory  
  19  1:38  Marine  
  20  1:46  Refinery  
  20  1:57  Marine  
  20  1:59  SCV  
  22  2:11  SCV  
  22  2:15  Marine  
  22  2:21  Factory Tech Lab, Starport  
  23  2:23  SCV  
  24  2:31  Supply Depot  
  24  2:35  SCV, Marine  
  26  2:48  SCV  
  26  2:50  Cyclone  
  30  2:56  Marine  
  31  3:00  SCV  
  32  3:09  Supply Depot  
  32  3:12  SCV  
  33  3:16  Marine  
  33  3:17  Viking  
  36  3:24  Cyclone  
  39  3:30  SCV  
  39  3:37  Marine  
  39  3:39  Supply Depot  
  40  3:42  SCV  
  40  3:43  Supply Depot  
  41  3:54  Marine  
  42  3:56  Cyclone  
  45  4:07  SCV  
  46  4:12  Marine  
  47  4:19  SCV  
  47  4:21  Command Center, Missile Turret  
  48  4:34  Factory  
  48  4:36  Factory, Marine  
  46  4:54  Marine  
  38  5:14  Marine  
  38  5:16  Cyclone  
  40  5:32  Marine  
  40  5:34  SCV  
  42  5:37  Factory Tech Lab x2  
  42  5:38  Factory Reactor  
  39  5:45  Factory  
  39  5:46  SCV  
  39  5:47  Orbital Command  
  39  5:48  Command Center  
  40  5:53  Refinery  
  40  6:01  SCV  
  40  6:03  Refinery  
  41  6:04  Missile Turret  
  41  6:05  Missile Turret  
  41  6:13  SCV  
  41  6:15  Cyclone  
  45  6:19  Hellion x2  
  49  6:25  SCV  
  53  6:38  Viking  
  53  6:39  SCV  
  55  6:56  Factory Tech Lab  
  55  6:58  SCV  
  55  6:59  SCV  
  55  7:11  SCV x2  
  55  7:14  Missile Turret  
  57  7:16  Missile Turret  
  57  7:23  SCV, Hellion x2, Cyclone x2  
  57  7:24  Cyclone  
  71  7:34  Engineering Bay  
  71  7:36  Missile Turret  
  71  7:37  Missile Turret  
  71  7:42  SCV x2  
  71  7:43  SCV  
  74  7:44  Viking  
  75  7:55  Cyclone  
  78  8:02  Planetary Fortress  
  78  8:04  Hellion x2  
  80  8:06  Cyclone  
  80  8:07  SCV x2  
  80  8:10  Refinery x2  
  85  8:14  Viking  
  85  8:19  SCV x2  
  89  8:31  SCV x2  
  84  8:44  Hellion x2  
  91  8:55  Supply Depot  
  93  8:56  Supply Depot  
  93  8:58  Supply Depot x2  
Show
View Real Time Build Order
Export as new Build Order

Shamanas Terran 

Build Orders: Mech, Siege Tank Drop 

Get SALT Encoding   

  12  0:01  SCV  
  13  0:13  SCV  
  14  0:19  Supply Depot  
  14  0:25  SCV  
  15  0:32  Refinery  
  15  0:40  SCV  
  16  0:45  Barracks  
  16  0:52  SCV  
  17  1:04  SCV  
  17  1:05  Supply Depot  
  18  1:16  SCV  
  19  1:33  Orbital Command  
  19  1:34  Reaper  
  20  1:44  Refinery  
  20  1:53  Factory  
  20  1:59  SCV  
  21  2:11  Barracks Reactor  
  21  2:12  SCV  
  22  2:24  Command Center, SCV  
  23  2:36  SCV  
  24  2:38  Supply Depot  
  24  2:46  Starport  
  24  2:48  SCV  
  24  2:49  Factory Tech Lab  
  25  2:56  Marine x2  
  27  3:01  SCV  
  28  3:08  Siege Tank  
  31  3:13  SCV  
  31  3:16  Missile Turret  
  32  3:20  Supply Depot  
  32  3:25  SCV  
  33  3:33  Marine x2  
  33  3:34  Medivac  
  37  3:39  SCV  
  38  3:44  Orbital Command  
  38  3:51  SCV  
  39  3:58  Marine  
  39  3:59  Marine  
  39  4:00  Siege Tank  
  44  4:03  SCV  
  44  4:05  Starport Tech Lab  
  44  4:10  SCV  
  44  4:15  SCV  
  46  4:19  Marine x2  
  46  4:22  SCV  
  49  4:24  Banshee  
  49  4:27  SCV  
  53  4:33  Siege Tank  
  53  4:34  SCV  
  57  4:39  SCV  
  58  4:47  SCV  
  58  4:51  SCV  
  53  4:55  Marine x2  
  52  5:02  SCV  
  52  5:04  SCV  
  52  5:05  Siege Tank  
  53  5:14  SCV  
  53  5:16  SCV  
  53  5:20  Viking  
  56  5:26  SCV  
  56  5:28  SCV, Refinery x2  
  56  5:29  Marine x2  
  56  5:33  Cloaking Field  
  56  5:38  SCV  
  57  5:47  Siege Tank  
  60  5:52  Marine x2  
  62  5:59  Supply Depot  
  62  6:04  Supply Depot  
  62  6:11  Command Center  
  62  6:20  SCV x2, Marine x2  
  62  6:23  Missile Turret  
  62  6:24  Supply Depot, Missile Turret  
  66  6:26  Supply Depot  
  66  6:27  Missile Turret  
  66  6:30  Command Center  
  66  6:32  SCV x2  
  68  6:33  Siege Tank  
  71  6:44  SCV x2  
  68  6:56  SCV  
  68  7:01  Factory x2  
  69  7:11  SCV x2  
  69  7:13  Siege Tank  
  69  7:14  Viking  
  76  7:19  Starport  
  76  7:27  Armory, Missile Turret  
  76  7:28  Armory  
  76  7:30  SCV x2, Missile Turret  
  76  7:31  Supply Depot, Engineering Bay, Orbital Command  
  78  7:47  SCV x2, Orbital Command  
  78  7:59  SCV  
  78  8:05  Refinery, Starport Reactor  
  79  8:06  Factory Tech Lab  
  79  8:07  Hellion x2, Siege Tank  
  79  8:11  SCV x3  
  89  8:14  Refinery  
  89  8:16  Sensor Tower  
  89  8:17  Missile Turret  
  89  8:19  SCV  
  90  8:23  SCV  
  94  8:34  Siege Tank, Hellbat  
  94  8:35  Hellbat  
  94  8:39  SCV x2  
  90  8:57  Starport  
  83  9:02  Command Center  
Tags
 
Composition
Mech
Matchup
TvT
Race
Terran
Replay Pack
Lotv Pack #1
Add a new tag
Caveats
  • Supply blocks, unpowered buildings, or Contaminate may cause inaccurate times.
  • Supply counts are checked every 10 seconds.